 Dungeon Crawl Stone Soup version 0.29.1-2-gbd0b4ee654 (webtiles) character file.

Game seed: 3025340806430967711

235 GorkyZ the Shield-Bearer (level 6, -13/47 (48) HPs)
             Began as a Formicid Fighter on Nov 22, 2022.
             Mangled by Menkaure (17 damage)
             ... on level 4 of the Dungeon.
             The game lasted 00:07:53 (2710 turns).

GorkyZ the Shield-Bearer (Formicid Fighter)         Turns: 2710, Time: 00:07:53

HP:   -13/47 (48)   AC:  8    Str: 23    XL:     6   Next: 27%
MP:   6/6           EV: 10    Int:  7    God:
Gold: 220           SH: 10    Dex: 13    Spells: 5/5 levels left

rFire   . . .      SeeInvis +   a - +0 war axe (venom)
rCold   . . .      Faith    .   c - +0 buckler
rNeg    . . .      Spirit   .   b - +0 scale mail
rPois   .          Reflect  +   (helmet unavailable)
rElec   .          Harm     .   (no cloak)
rCorr   .          Rampage  .   (no gloves)
Will    .....                   h - +0 pair of boots
Stlth   ..........              k - amulet of reflection
HPRegen 0.15/turn               (no ring)
MPRegen 0.10/turn               (no ring)

@: lightly drained
A: permanent stasis, dig shafts and tunnels, antennae 3, four strong arms
a: Dig, Shaft Self


You were on level 4 of the Dungeon.
You visited 1 branch of the dungeon, and saw 4 of its levels.

You collected 220 gold pieces.

Inventory:

Hand Weapons
 a - a +0 war axe of venom (weapon)
 f - a +0 dagger
Missiles
 r - 4 poisoned darts
Armour
 b - a +0 scale mail (worn)
 c - a +0 buckler (worn)
 h - a +0 pair of boots (worn)
Jewellery
 k - an amulet of reflection (around neck)
Scrolls
 e - 2 scrolls of brand weapon
 l - 3 scrolls of immolation {unknown}
 o - a scroll of teleportation {unknown}
 p - a scroll of enchant weapon {unknown}
 q - 2 scrolls of identify {unknown}
 s - a scroll of silence {unknown}
Potions
 d - 2 potions of might
 g - 5 potions of curing {unknown}
 i - a potion of cancellation {unknown}
 j - 2 potions of haste {unknown}
 m - a potion of lignification {unknown}
 n - a potion of brilliance {unknown}
 t - 2 potions of heal wounds {unknown}


   Skills:
 + Level 4.0 Fighting
 + Level 2.7(3.0) Axes
 + Level 1.6(2.4) Polearms
 + Level 1.5 Throwing
 + Level 4.1 Armour
 + Level 1.4 Dodging
 + Level 4.8 Shields
 + Level 1.8 Evocations


You had 5 spell levels left.
You didn't know any spells.
Your spell library contained the following spells:

 Spells                   Type           Power      Damage    Failure   Level
 Dazzling Flash           Conj/Hex       0%         N/A       99%         3
 Lesser Beckoning         Tloc           0%         N/A       99%         3
 Iskenderun's Mystic Bla  Conj/Tloc      0%         2d3       100%        4
 Manifold Assault         Tloc           0%         N/A       100%        5
 Starburst                Conj/Fire      0%         6d3       100%        6
 Blink                    Tloc           Unusable   N/A       N/A         2

Dungeon Overview and Level Annotations

Branches:
Dungeon (4/15)
 Temple: D:4-7

Altars:

Annotations:
D:4 Menkaure


Innate Abilities, Weirdness & Mutations

You cannot be hasted, slowed, berserked, paralysed or teleported.
You can dig through walls and to a lower floor.
You have a pair of large antennae on your head. (SInv)
Your four strong arms can wield two-handed weapons with a shield.


Message History

You hit the hobgoblin but do no damage.
The hobgoblin is poisoned.
You block the hobgoblin's attack. The hobgoblin hits you.
The hobgoblin hits you but does no damage.
The hobgoblin barely misses you.
You barely miss the hobgoblin.
The hobgoblin is severely wounded.
You slash the hobgoblin!
You kill the hobgoblin!
The hobgoblin barely misses you.
You barely miss the hobgoblin.
The hobgoblin is severely wounded.
You block the hobgoblin's attack.
You hit the hobgoblin.
You kill the hobgoblin!
Menkaure casts a spell at you. Pain shoots through your body!
Menkaure calls on the powers of darkness!
Your body is wracked with pain!
You are too injured to fight recklessly!
You are too injured to fight recklessly!
You are too injured to fight recklessly!
You are too injured to fight recklessly!
You are too injured to fight recklessly!
You are too injured to fight recklessly!
You are too injured to fight recklessly!
You are too injured to fight recklessly!
You are too injured to fight recklessly!
You are too injured to fight recklessly!
You are too injured to fight recklessly!
Found 16 gold pieces.
Menkaure points at you and mumbles some strange words.
You struggle to resist.
You slash Menkaure!
Menkaure is heavily damaged.
Menkaure hits you!
* * * LOW HITPOINT WARNING * * *
You slash Menkaure!
Menkaure is almost destroyed.
Menkaure barely misses you. Menkaure hits you!
You die...

##### ....# ### ....#
#.#
....############.#####
....'...............>#
....############...###
....# #..@..#
..).####+#####..M#.#
............##.#.#...
.)##.......)#..#.. ###
..##....<......#..
)#######........... ##
#....####.## # .......
.$# # .########


You could see Menkaure (fast).

Vanquished Creatures
  An ogre (D:3)
  An orc priest (D:2)
  3 adders
  A worm (D:2)
  2 dart slugs (D:2)
  4 orcs
  8 ball pythons
  9 endoplasms
  A giant cockroach (D:1)
  14 goblins
  11 hobgoblins
  6 kobolds
  8 bats
  3 frilled lizards
  4 rats
76 creatures vanquished.

Notes
Turn   | Place    | Note
-------+----------+-------------------------------------------
     0 | D:1      | GorkyZ the Formicid Fighter began the quest for the Orb.
     0 | D:1      | Reached XP level 1. HP: 18/18 MP: 1/1
    85 | D:1      | Reached XP level 2. HP: 24/24 MP: 2/2
   391 | D:1      | Reached XP level 3. HP: 18/29 MP: 3/3
   866 | D:2      | Reached XP level 4. HP: 30/36 MP: 4/4
   962 | D:2      | Found a faded altar of an unknown god.
  1078 | D:2      | Reached skill level 1 in Dodging
  1080 | D:2      | Reached skill level 1 in Polearms
  1080 | D:2      | Reached skill level 1 in Throwing
  1080 | D:2      | Reached skill level 1 in Evocations
  1403 | D:2      | Reached XP level 5. HP: 40/42 MP: 5/5
  1916 | D:3      | Noticed an ogre
  1923 | D:3      | Killed an ogre
  1924 | D:3      | Reached XP level 6. HP: 22/48 MP: 6/6
  2701 | D:4      | Noticed Menkaure
  2710 | D:4      | Mangled by Menkaure

Illustrated notes

Levels and vault maps discovered:
D:1:      dpeg_arrival_more_subterranean_lakeside_camping, layout_rooms
D:2:      cheibrodos_greedy_goblins, layout_loops_ring,
          shapermc_ecumenical_altar_venn, kennysheep_generic_room_9
D:3:      layout_basic
D:4:      layout_basic, minmay_surrounded, uniq_menkaure

Skill      XL: |  1  2  3  4  5  6 |
---------------+-------------------+-----
Dodging        | 1 |  1.4
Polearms       | 1 |  1.6
Throwing       | 1 |  1.5
Evocations     | 1 |  1.8
Armour         | 4 |  4.1
Fighting       | 4 |  4.0
Axes           | |  2.7
Shields        | |  4.8

Action                   |  1- 3 |  4- 6 || total
-------------------------+-------+-------++-------
Melee: War axe           |    64 |   113 ||   177
 Abil: Dig               |       |     1 ||     1
  Use: Scroll            |     1 |       ||     1
Armor: Scale mail        |    45 |    47 ||    92
Dodge: Dodged            |    45 |    50 ||    95
Block: Buckler           |    23 |    55 ||    78
       Reflection        |       |     1 ||     1
